Map: Vaani Research Station (Void)

Players

JJAKJI - Winner!

  • Race: Terran Terran
  • Spawn Location: 12:00

Bly

  • Race: Zerg Zerg
  • League: Grandmaster
  • Spawn Location: 6:00

VOD

Have the link to the VOD?

Description

Time

  • Played on: Dec. 4, 2016, 1:15 p.m.
  • Length: 12:17
Show
View Real Time Build Order
Export as new Build Order

JJAKJI Terran - Winner!

Build Orders: Reaper Expand, MMM Bio 

Get SALT Encoding   

  12  0:01  SCV  
  13  0:13  SCV  
  14  0:18  Supply Depot  
  14  0:25  SCV  
  15  0:39  SCV  
  15  0:40  Barracks  
  16  0:45  Refinery  
  16  0:51  SCV  
  17  1:03  SCV  
  18  1:15  SCV  
  19  1:27  Reaper  
  19  1:28  Orbital Command  
  20  1:50  Command Center  
  20  1:54  SCV  
  21  2:04  Barracks  
  21  2:06  Barracks Reactor  
  21  2:10  SCV  
  22  2:16  Supply Depot  
  23  2:22  SCV  
  23  2:23  Refinery  
  23  2:32  Factory  
  23  2:38  SCV  
  23  2:43  Marine x2  
  26  2:50  SCV  
  27  2:53  Barracks Tech Lab  
  27  3:01  Marine x2  
  27  3:02  SCV  
  27  3:05  Orbital Command  
  30  3:13  Stimpack  
  30  3:14  SCV  
  30  3:19  Marine x2  
  33  3:21  Marine  
  33  3:26  SCV  
  35  3:32  Starport  
  35  3:35  Factory Reactor  
  35  3:37  SCV  
  35  3:40  SCV  
  37  3:44  Marine x3  
  40  3:49  SCV  
  40  3:52  SCV  
  42  3:55  Supply Depot  
  42  4:01  SCV  
  42  4:02  Marine  
  42  4:03  Marine x2  
  42  4:04  SCV  
  46  4:11  Supply Depot  
  46  4:17  Medivac x2, SCV x2  
  46  4:20  Marine x2  
  54  4:24  Factory Tech Lab  
  54  4:28  Supply Depot  
  54  4:33  Marine, SCV x2  
  54  4:38  Marine x2, Engineering Bay  
  57  4:45  SCV x2  
  61  4:51  Marine  
  62  4:52  Medivac  
  62  4:56  Marine x2  
  62  4:58  SCV x2  
  68  5:02  Supply Depot x2  
  68  5:08  Terran Infantry Weapons Level 1  
  68  5:11  SCV x2, Refinery  
  68  5:14  Combat Shields  
  70  5:20  Missile Turret  
  70  5:23  Marine x3  
  73  5:34  Liberator  
  73  5:37  Liberator  
  73  5:41  Marine x3  
  71  5:53  Command Center  
  71  5:54  Supply Depot  
  71  5:56  SCV x2  
  79  5:58  Missile Turret  
  79  6:06  Barracks  
  79  6:07  Barracks  
  79  6:11  SCV x2  
  80  6:14  Marine x3  
  77  6:23  SCV x2  
  79  6:29  Refinery  
  79  6:30  Supply Depot  
  79  6:31  Marine  
  79  6:32  Marine x2  
  82  6:35  Barracks  
  82  6:36  Armory  
  82  6:40  Engineering Bay  
  82  6:44  Medivac x2  
  86  6:47  Factory Reactor, SCV x2  
  86  6:53  Marine x2  
  91  6:55  Barracks Reactor  
  91  6:56  Barracks Reactor  
  91  6:59  Missile Turret  
  90  7:04  SCV x2  
  90  7:07  Orbital Command  
  92  7:09  Marine  
  92  7:11  Marine x2  
  101  7:26  Terran Infantry Weapons Level 2  
  101  7:27  Terran Infantry Armor Level 1  
  95  7:31  Marine  
  95  7:32  Marine x7  
  95  7:34  Orbital Command  
  103  7:39  SCV  
  103  7:40  SCV  
  105  7:49  Marine  
  105  7:50  Marine x7  
  113  7:52  SCV x2  
  113  7:57  Supply Depot x2  
  115  7:59  Supply Depot  
  115  8:03  Widow Mine  
  116  8:07  Marine  
  116  8:09  Widow Mine, Marine  
  116  8:10  Marine x2  
  116  8:11  Medivac x2  
  114  8:17  Marine  
  114  8:18  Marine x2  
  104  8:20  Barracks Reactor  
  104  8:21  Unknown  
  104  8:25  Marine  
  104  8:26  Liberator, SCV x3  
  108  8:27  Marine x3  
  108  8:28  Liberator  
  108  8:31  Missile Turret  
  108  8:32  Widow Mine  
  113  8:35  Marine, Barracks  
  113  8:36  Barracks  
  113  8:38  Widow Mine  
  113  8:39  Barracks  
  122  8:51  Marine  
  122  8:52  Marine x4, Marauder  
  122  8:54  Marine  
  130  9:00  Widow Mine  
  132  9:05  Supply Depot, Sensor Tower  
  132  9:06  Widow Mine, Supply Depot  
  134  9:15  Marine  
  134  9:16  Marine x6  
  141  9:17  Marine  
  141  9:18  Marine  
  141  9:20  SCV x2  
  141  9:21  SCV  
  137  9:27  Marine x3  
  131  9:33  Marine x5  
  131  9:34  Marine x2  
  131  9:35  Marine  
  131  9:36  Marine  
  134  9:44  SCV x3  
  134  9:45  Marine, Missile Turret  
  133  9:46  Marine  
  133  9:50  Marine, Medivac  
  133  9:51  Marine  
  131  10:09  Marine x9  
  131  10:10  Marine x3  
  112  10:15  Widow Mine  
  112  10:16  Widow Mine  
  109  10:22  Medivac x2  
  109  10:27  Marine x4  
  117  10:30  Barracks Tech Lab  
  117  10:31  Barracks Reactor x2  
  116  10:38  SCV x3  
  119  10:44  Widow Mine x2  
  119  10:45  Marine  
  119  10:46  Marine x4  
  128  10:52  Medivac x2  
  128  10:54  Marine x3  
  135  11:17  Marine x14  
  140  11:20  Widow Mine  
  142  11:30  Missile Turret  
  142  11:34  Marine  
  142  11:35  Marine x6  
  143  11:41  Marine x2  
  143  11:42  Marine x5  
  150  11:52  Marine  
  150  11:53  Marine  
  149  11:58  Marine x5  
Show
View Real Time Build Order
Export as new Build Order

Bly Zerg 

Build Orders: Hatch First, Muta Ling Bane 

Get SALT Encoding   

  12  0:01  Drone  
  13  0:13  Overlord  
  13  0:19  Drone  
  14  0:32  Drone x2  
  16  0:36  Drone  
  17  0:55  Hatchery  
  16  1:02  Drone x2  
  18  1:06  Extractor  
  17  1:18  Spawning Pool  
  16  1:21  Drone  
  16  1:24  Drone  
  18  1:30  Drone  
  19  1:50  Overlord  
  19  2:03  Drone  
  19  2:06  Metabolic Boost  
  20  2:08  Zergling x4  
  20  2:09  Queen  
  23  2:16  Queen  
  23  2:20  Drone  
  27  2:22  Drone  
  27  2:26  Drone  
  28  2:34  Drone  
  28  2:35  Drone  
  30  2:40  Drone  
  31  2:46  Spore Crawler  
  31  2:50  Drone x2  
  32  2:55  Lair  
  33  3:00  Overlord  
  33  3:11  Drone x3  
  36  3:13  Extractor  
  36  3:18  Queen  
  37  3:25  Drone x4  
  41  3:30  Drone x2  
  43  3:39  Overlord  
  43  3:40  Extractor  
  42  3:43  Drone x2  
  44  3:51  Overlord  
  44  3:58  Spire  
  44  4:02  Drone x4  
  47  4:03  Drone x2  
  47  4:05  Extractor  
  47  4:07  Drone x2  
  50  4:12  Drone x2  
  52  4:20  Overlord  
  52  4:24  Queen  
  52  4:26  Overlord  
  54  4:35  Queen  
  54  4:36  Overlord  
  56  4:44  Zergling x6  
  56  4:45  Zergling x6  
  62  5:01  Zergling x8  
  66  5:12  Mutalisk x4  
  66  5:13  Mutalisk x2  
  74  5:37  Zergling x20  
  79  5:49  Hatchery  
  75  5:53  Baneling Nest, Mutalisk x2  
  75  5:55  Zerg Flyer Armor Level 1  
  78  5:59  Mutalisk  
  78  6:03  Overlord  
  80  6:11  Drone  
  79  6:21  Drone x5  
  84  6:32  Drone  
  85  6:33  Drone x2  
  85  6:36  Drone x4  
  85  6:37  Evolution Chamber, Centrifical Hooks  
  90  6:52  Mutalisk  
  92  6:54  Overlord  
  92  6:57  Overlord  
  92  6:59  Baneling x6  
  91  7:12  Overlord x2  
  91  7:16  Zergling x2  
  91  7:17  Zergling x12  
  91  7:21  Baneling x3  
  91  7:22  Baneling x8  
  98  7:27  Queen x3  
  102  7:33  Zerg Ground Armor Level 1  
  102  7:34  Zergling x6  
  105  7:38  Overseer  
  105  7:39  Mutalisk  
  105  7:42  Baneling x2  
  107  7:44  Mutalisk  
  109  7:53  Mutalisk  
  111  8:02  Mutalisk  
  111  8:04  Mutalisk  
  113  8:06  Drone  
  113  8:07  Drone x7  
  114  8:19  Zergling x14  
  110  8:30  Extractor  
  110  8:31  Extractor  
  110  8:33  Hatchery  
  107  8:38  Zerg Flyer Weapons Level 1  
  107  8:41  Evolution Chamber  
  107  8:43  Drone x2  
  107  8:44  Drone x4  
  112  8:54  Zergling x4  
  114  8:57  Overlord  
  114  9:03  Spore Crawler, Hatchery  
  114  9:04  Spore Crawler  
  114  9:06  Baneling x14  
  114  9:07  Overlord x2  
  111  9:14  Zergling x6  
  111  9:15  Overlord  
  114  9:20  Baneling x4  
  114  9:21  Overseer  
  107  9:44  Mutalisk x6  
  119  9:47  Zerg Melee Weapons Level 1  
  119  9:49  Drone x10  
  129  9:52  Overlord  
  129  9:57  Overlord  
  89  10:18  Drone x2  
  89  10:19  Drone  
  89  10:20  Mutalisk x4  
  97  10:22  Zergling x8  
  97  10:23  Zergling x6  
  102  10:34  Zergling x8  
  102  10:35  Zergling x4  
  108  10:44  Baneling  
  108  10:45  Baneling x2  
  108  10:48  Drone x4  
  108  10:49  Drone x2  
  114  10:55  Baneling x6  
  113  10:59  Overseer  
  113  11:00  Zergling x4  
  113  11:01  Zergling x4  
  113  11:03  Baneling x3  
  117  11:06  Zergling x4  
  113  11:22  Zergling x8  
  113  11:23  Zergling x12  
  117  11:30  Baneling  
  117  11:31  Baneling x7  
  91  12:04  Hatchery  
Tags
 
Add a new tag
Caveats
  • Supply blocks, unpowered buildings, or Contaminate may cause inaccurate times.
  • Supply counts are checked every 10 seconds.